Map: Ruins of Seras

Players

LindyHop

  • Race: Zerg Zerg
  • League: Silver

ShawRed - Winner!

  • Race: Terran Terran

VOD

Have the link to the VOD?

Description

Time

  • Played on: Nov. 28, 2015, 1:20 p.m.
  • Length: 3:35
Show
View Real Time Build Order
Export as new Build Order

LindyHop Zerg 

Build Orders: 3 Hatch before Pool 

Get SALT Encoding   

  12  0:01  Drone  
  13  0:13  Drone  
  14  0:38  Hatchery  
  13  0:45  Overlord  
  13  0:48  Drone  
  14  0:55  Extractor  
  14  0:56  Drone  
  15  1:04  Drone  
  15  1:07  Drone  
  17  1:32  Drone x2  
  19  1:39  Hatchery  
  18  1:51  Spawning Pool  
  17  1:55  Drone x2  
  17  1:57  Extractor  
  19  2:01  Drone x2  
  19  2:08  Overlord  
  20  2:22  Overlord  
  20  2:32  Drone x3, Extractor  
  22  2:37  Queen  
  22  2:40  Drone  
  25  2:46  Drone x2  
  27  2:55  Zergling x6  
  30  3:05  Spine Crawler  
  29  3:08  Zergling x4  
Show
View Real Time Build Order
Export as new Build Order

ShawRed Terran - Winner!

Build Orders:  

Get SALT Encoding   

  12  0:00  SCV  
  13  0:13  SCV  
  14  0:21  Supply Depot  
  14  0:25  SCV  
  15  0:42  SCV  
  16  0:51  Barracks  
  16  0:55  Barracks  
  16  1:01  SCV  
  17  1:12  Supply Depot  
  17  1:13  SCV  
  18  1:21  Supply Depot  
  18  1:25  SCV  
  19  1:38  Marine  
  19  1:39  Orbital Command  
  20  1:44  Marine  
  21  1:54  Supply Depot  
  21  1:55  Marine  
  22  2:04  Barracks  
  22  2:06  Marine  
  23  2:13  SCV, Marine  
  25  2:21  Refinery  
  25  2:24  Marine  
  25  2:27  SCV  
  27  2:31  Marine  
  28  2:41  Bunker  
  28  2:42  Marine  
  29  2:49  Marine  
  29  2:50  Bunker  
  30  3:00  Marine x2  
  32  3:07  Marine  
  33  3:14  Bunker  
Tags
 
Add a new tag
Caveats
  • Supply blocks, unpowered buildings, or Contaminate may cause inaccurate times.
  • Supply counts are checked every 10 seconds.